Rangers vs Wild
Created - 10 mars 2014 at 19:08
Goals
|
| Rangers |
1 |
0 |
1 |
2 |
| Wild |
2 |
1 |
2 |
5 |
|
Shots
|
| Rangers |
12 |
6 |
7 |
25 |
| Wild |
11 |
6 |
16 |
33 |
|
1st period
1. Rangers , Kimmo Timonen 5 (Patrick Sharp, Milan Lucic) at 6:08 (SH)
2. Wild , Chris Drury 31 (Jozef Stumpel) at 6:20 (PP)
3. Wild , Rod Brind'Amour 12 (Nathan Dempsey) at 17:24
Penalties :
Byron Ritchie (NYR) for Hooking (Minor) at 5:51, Nathan Dempsey (Min) for Hooking (Minor) at 15:14, Matt Read (NYR) for Slashing (Minor) at 17:31
2nd period
4. Wild , R.J. Umberger 24 (Chris Drury, Mike Green) at 15:57
Penalties :
Milan Lucic (NYR) for Hooking (Minor) at 0:03, Alexei Kovalev (Min) for Hooking (Minor) at 10:55, Anson Carter (Min) for Elbowing (Minor) at 18:24
3rd period
5. Rangers , Mikko Lehtonen 1 (Alexandre Burrows, Patrick Sharp) at 5:42
6. Wild , Jozef Stumpel 29 (Chris Drury, Alexei Kovalev) at 7:28 (PP)
7. Wild , R.J. Umberger 25 (Chris Drury) at 15:27
Penalties :
Valtteri Filppula (NYR) for Roughing (Minor) at 1:15, Mikko Lehtonen (NYR) for Hooking (Minor) at 3:31, Patrick Sharp (NYR) for Hooking (Minor) at 7:15, Cody McLeod (Min) for Hooking (Minor) at 13:10
Goalie Stats
Henrik Lundqvist (NYR), 28 saves from 33 shots - (0,848), L, 25-20-5, 60:00 minutes
Julien Ellis (Min), 23 saves from 25 shots - (0,920), W, 14-2-2, 60:00 minutes
Players Stats for Rangers
Player Name G A P +/- PIM S H SB GA TA FO MP PP MP PK MP
------------------------------------------------------------------------------------
Alexandre Burrows 0 1 1 -1 0 2 1 0 0 1 0/0 13:37 0:57 0:55
Artem Anisimov 0 0 0 0 0 0 0 0 0 0 1/2 5:13 0:00 0:00
Brent Seabrook 0 0 0 -1 0 0 1 3 1 1 0/0 22:06 3:03 3:31
Bryan Berard 0 0 0 -2 0 0 1 1 0 0 0/0 10:25 0:14 0:00
Byron Ritchie 0 0 0 -1 2 0 1 0 0 0 2/7 14:12 0:41 1:46
Cam Barker 0 0 0 1 0 0 0 0 0 2 0/0 27:37 4:36 5:07
Drew Stafford 0 0 0 0 0 1 2 1 0 0 0/1 19:09 3:34 1:57
Jaroslav Balastik 0 0 0 0 0 0 1 0 1 0 1/1 6:34 0:40 0:13
Kimmo Timonen 1 0 1 1 0 5 1 0 0 0 0/0 26:28 4:36 5:07
Kyle McLaren 0 0 0 0 0 1 0 1 0 3 0/0 21:45 2:53 3:31
Mark Fistric 0 0 0 0 0 0 0 1 0 0 0/0 1:36 0:27 0:00
Matt Greene 0 0 0 -2 0 0 0 2 0 0 0/0 10:38 0:27 0:00
Matt Read 0 0 0 -1 2 1 0 0 0 0 1/1 16:37 3:11 0:00
Mikko Lehtonen 1 0 1 0 2 1 0 0 0 1 0/0 12:07 0:47 0:00
Milan Lucic 0 1 1 1 2 6 5 0 1 0 4/13 25:39 3:34 4:15
Patrice Bergeron 0 0 0 0 0 5 0 1 1 0 12/23 19:26 3:34 2:39
Patrick Sharp 0 2 2 0 2 3 3 3 0 0 1/1 21:35 3:15 5:20
Valtteri Filppula 0 0 0 -1 2 0 2 0 2 0 6/9 16:32 3:11 0:11
Players Stats for Wild
Player Name G A P +/- PIM S H SB GA TA FO MP PP MP PK MP
------------------------------------------------------------------------------------
Alexei Kovalev 0 1 1 -1 2 1 1 0 0 0 0/0 14:59 5:06 0:00
Anson Carter 0 0 0 2 2 0 1 0 0 0 0/0 16:05 3:32 0:00
Brian Rolston 0 0 0 -1 0 2 2 0 0 1 0/0 15:27 0:00 3:36
Chris Drury 1 3 4 1 0 6 0 0 1 1 19/30 18:38 5:06 1:15
Cody McLeod 0 0 0 -1 2 0 2 1 0 1 1/1 13:13 0:00 1:29
Fedor Tyutin 0 0 0 1 0 0 1 0 2 1 0/0 20:58 3:15 3:34
Fredrik Modin 0 0 0 1 0 3 2 1 0 0 0/0 10:56 0:00 1:39
Glen Metropolit 0 0 0 0 0 1 1 0 1 1 2/2 12:02 0:00 2:38
Jonathan Rheault 0 0 0 0 0 0 0 0 0 0 0/0 9:06 0:00 0:00
Jozef Stumpel 1 1 2 -1 0 4 1 0 1 0 1/2 15:50 5:06 0:54
Mark Eaton 0 0 0 0 0 1 0 1 0 0 0/0 17:44 0:00 4:32
Mike Green 0 1 1 0 0 4 2 2 1 0 0/0 23:59 5:23 0:50
Nathan Dempsey 0 1 1 1 2 2 3 0 0 0 0/0 23:19 5:23 0:00
Niclas Wallin 0 0 0 0 0 0 1 0 1 0 0/0 19:39 3:15 4:22
R.J. Umberger 2 0 2 2 0 5 3 1 0 0 1/2 16:14 3:32 0:18
Rod Brind'Amour 1 0 1 0 0 1 1 0 1 1 1/9 15:51 0:00 3:45
Shane Hnidy 0 0 0 1 0 0 0 2 0 0 0/0 14:31 0:00 2:34
Vaclav Prospal 0 0 0 0 0 3 0 0 0 0 5/12 13:29 3:32 0:18
3 Stars
1 - R.J. Umberger (Min)
2 - Chris Drury (Min)
3 - Kimmo Timonen (NYR)
Power Play
Rangers - 0 on 4 Attempt(s) - 0,00%
Wild - 2 on 6 Attempt(s) - 33,33%
Penalty Kill
Rangers - 4 on 6 Attempt(s) - 66,67%
- Score 1 goal in Penalty Kill
Wild - 4 on 4 Attempt(s) - 100,00%
- Score 0 goal in Penalty Kill
Official
Referees : Ciamaga Chris and McCreary Bill
Linesman : Mark Pare and Michel Cormier
Game Notes
12:38 of 1st period - Rangers goal is going for a video replay. After video review, No Goal. The goalkeeper has been pushed into the net together with the puck after making a save.
Finance
Level 1 -- Attendance: 3452 (57,53%) -- Ticket Income 431 500 $
Level 2 -- Attendance: 2680 (53,60%) -- Ticket Income 201 000 $
Level 3 -- Attendance: 933 (46,65%) -- Ticket Income 46 650 $
Level 4 -- Attendance: 1600 (40,00%) -- Ticket Income 64 000 $
Luxury Box -- Attendance: 528 (52,80%) -- Ticket Income 132 000 $
Game was played at the Forest Center
Total Attendance: 9193 (51,07%)
Total Ticket Income: 875 150 $
Other Income: 131 272 $
Total Income: 1 006 422 $
Rangers
5 vs 5 Forward
Center Left Wing Right Wing Time % Phy DF OF
1 Patrice Bergeron Milan Lucic Drew Stafford 40 1 2 2
2 Valtteri Filppula Patrick Sharp Matt Read 30 1 2 2
3 Byron Ritchie Alexandre Burrows Mikko Lehtonen 20 1 2 2
4 Artem Anisimov Jaroslav Balastik Milan Lucic 10 1 2 2
5 vs 5 Defense
Defense Defense Time % Phy DF OF
1 Cam Barker Kimmo Timonen 40 1 2 2
2 Brent Seabrook Kyle McLaren 30 1 2 2
3 Bryan Berard Matt Greene 20 1 2 2
4 Mark Fistric Cam Barker 10 1 2 2
PowerPlay Forward
Center Left Wing Right Wing Time % Phy DF OF
1 Patrice Bergeron Milan Lucic Drew Stafford 60 1 2 2
2 Valtteri Filppula Patrick Sharp Matt Read 40 1 2 2
PowerPlay Defense
Defense Defense Time % Phy DF OF
1 Cam Barker Kimmo Timonen 60 1 2 2
2 Brent Seabrook Kyle McLaren 40 1 2 2
Penalty Kill 4 Players Forward
Center Wing Time % Phy DF OF
1 Milan Lucic Patrick Sharp 60 1 2 2
2 Patrice Bergeron Drew Stafford 40 1 2 2
Penalty Kill 4 Players Defense
Defense Defense Time % Phy DF OF
1 Cam Barker Kimmo Timonen 60 1 2 2
2 Brent Seabrook Kyle McLaren 40 1 2 2
Penalty Kill - 3 Players Forward
Forward Time % Phy DF OF
1 Milan Lucic 60 1 2 2
2 Patrick Sharp 40 1 2 2
Penalty Kill - 3 Players Defense
Defense Defense Time % Phy DF OF
1 Cam Barker Kimmo Timonen 60 1 2 2
2 Brent Seabrook Kyle McLaren 40 1 2 2
4 vs 4 Forward
Center Wing Time % Phy DF OF
1 Milan Lucic Patrick Sharp 60 1 2 2
2 Patrice Bergeron Drew Stafford 40 1 2 2
4 vs 4 Defense
Defense Defense Time % Phy DF OF
1 Cam Barker Kimmo Timonen 60 1 2 2
2 Brent Seabrook Kyle McLaren 40 1 2 2
Last Minutes Offensive
Center Left Wing Right Wing Defense Defense
Patrice Bergeron Milan Lucic Drew Stafford Cam Barker Kimmo Timonen
Last Minutes Defensive
Center Left Wing Right Wing Defense Defense
Patrice Bergeron Milan Lucic Drew Stafford Cam Barker Kimmo Timonen
Goaltenders
Starting : Henrik Lundqvist
Backup : Hannu Toivonen
Extra Forwards
Normal : Alexandre Burrows, Jaroslav Balastik, Byron Ritchie - PP : Alexandre Burrows, Jaroslav Balastik - PK : Byron Ritchie
Extra Defensemen
Normal : Bryan Berard, Matt Greene, Mark Fistric - PP : Bryan Berard - PK : Matt Greene, Mark Fistric
Penalty Shots
Milan Lucic, Patrick Sharp, Patrice Bergeron, Drew Stafford, Alexandre Burrows
Wild
5 vs 5 Forward
Center Left Wing Right Wing Time % Phy DF OF
1 Chris Drury R.J. Umberger Anson Carter 40 0 1 4
2 Vaclav Prospal Jozef Stumpel Alexei Kovalev 30 1 0 4
3 Rod Brind'Amour Cody McLeod Brian Rolston 20 1 1 3
4 Glen Metropolit Fredrik Modin Jonathan Rheault 10 2 1 2
5 vs 5 Defense
Defense Defense Time % Phy DF OF
1 Mike Green Nathan Dempsey 40 1 3 1
2 Fedor Tyutin Mark Eaton 30 1 3 1
3 Niclas Wallin Shane Hnidy 20 1 3 1
4 Mike Green Nathan Dempsey 10 1 3 1
PowerPlay Forward
Center Left Wing Right Wing Time % Phy DF OF
1 Chris Drury Jozef Stumpel Alexei Kovalev 60 0 0 5
2 Vaclav Prospal R.J. Umberger Anson Carter 40 0 0 5
PowerPlay Defense
Defense Defense Time % Phy DF OF
1 Mike Green Nathan Dempsey 60 0 2 3
2 Fedor Tyutin Niclas Wallin 40 0 2 3
Penalty Kill 4 Players Forward
Center Wing Time % Phy DF OF
1 Rod Brind'Amour Brian Rolston 60 1 3 1
2 Glen Metropolit Cody McLeod 40 1 3 1
Penalty Kill 4 Players Defense
Defense Defense Time % Phy DF OF
1 Mark Eaton Niclas Wallin 60 2 3 0
2 Fedor Tyutin Shane Hnidy 40 2 3 0
Penalty Kill - 3 Players Forward
Forward Time % Phy DF OF
1 Rod Brind'Amour 60 1 4 0
2 Glen Metropolit 40 1 4 0
Penalty Kill - 3 Players Defense
Defense Defense Time % Phy DF OF
1 Mark Eaton Niclas Wallin 60 2 3 0
2 Fedor Tyutin Shane Hnidy 40 2 3 0
4 vs 4 Forward
Center Wing Time % Phy DF OF
1 Chris Drury Jozef Stumpel 60 1 1 3
2 Vaclav Prospal Alexei Kovalev 40 1 1 3
4 vs 4 Defense
Defense Defense Time % Phy DF OF
1 Mike Green Nathan Dempsey 60 1 3 1
2 Fedor Tyutin Niclas Wallin 40 1 3 1
Last Minutes Offensive
Center Left Wing Right Wing Defense Defense
Chris Drury Jozef Stumpel Alexei Kovalev Mike Green Nathan Dempsey
Last Minutes Defensive
Center Left Wing Right Wing Defense Defense
Rod Brind'Amour Glen Metropolit Brian Rolston Mark Eaton Niclas Wallin
Goaltenders
Starting : Julien Ellis
Backup : Martin Brodeur
Extra Forwards
Normal : Chris Drury, Alexei Kovalev, Jozef Stumpel - PP : Chris Drury, Alexei Kovalev - PK : Rod Brind'Amour
Extra Defensemen
Normal : Mike Green, Nathan Dempsey, Fedor Tyutin - PP : Mike Green - PK : Mark Eaton, Niclas Wallin
Penalty Shots
Chris Drury, Jozef Stumpel, Vaclav Prospal, Alexei Kovalev, R.J. Umberger
% Time on Ice - Rangers
Lines # - Real PCT - Wanted PCT - Time Play
Normal Forward
1 - 31% - 40% - 13:34
2 - 31% - 30% - 13:22
3 - 26% - 20% - 11:17
4 - 12% - 10% - 5:13
Normal Defense
1 - 39% - 40% - 16:45
2 - 35% - 30% - 15:21
3 - 23% - 20% - 10:11
4 - 3% - 10% - 1:09
PP Forward
1 - 45% - 60% - 3:34
2 - 55% - 40% - 4:22
PP Defense
1 - 64% - 60% - 5:03
2 - 36% - 40% - 2:53
PK Forward
1 - 77% - 60% - 6:41
2 - 23% - 40% - 1:57
PK Defense
1 - 59% - 60% - 5:07
2 - 41% - 40% - 3:31
PK3 Forward
1 - 0% - 60%
2 - 0% - 40%
PK3 Defense
1 - 0% - 60%
2 - 0% - 40%
44 Forward
1 - 0% - 60%
2 - 0% - 40%
44 Defense
1 - 0% - 60%
2 - 0% - 40%
Last Minute Offensive - 0:00
Last Minute Defensive - 0:00
Total
Forward - 60:00
Defense - 60:00
|
% Time on Ice - Wild
Lines # - Real PCT - Wanted PCT - Time Play
Normal Forward
1 - 30% - 40% - 13:12
2 - 22% - 30% - 9:33
3 - 27% - 20% - 11:35
4 - 21% - 10% - 9:06
Normal Defense
1 - 40% - 40% - 17:20
2 - 34% - 30% - 14:43
3 - 24% - 20% - 10:37
4 - 2% - 10% - 0:46
PP Forward
1 - 59% - 60% - 5:06
2 - 41% - 40% - 3:32
PP Defense
1 - 62% - 60% - 5:23
2 - 38% - 40% - 3:15
PK Forward
1 - 75% - 60% - 5:58
2 - 25% - 40% - 1:58
PK Defense
1 - 68% - 60% - 5:22
2 - 32% - 40% - 2:34
PK3 Forward
1 - 0% - 60%
2 - 0% - 40%
PK3 Defense
1 - 0% - 60%
2 - 0% - 40%
44 Forward
1 - 0% - 60%
2 - 0% - 40%
44 Defense
1 - 0% - 60%
2 - 0% - 40%
Last Minute Offensive - 0:00
Last Minute Defensive - 0:00
Total
Forward - 60:00
Defense - 60:00
|
Play by Play
1st period
0:01 of 1st period - Patrice Bergeron wins face-off versus Chris Drury in neutral zone.
0:49 of 1st period - Wrist shot by Rod Brind'Amour.
0:49 of 1st period - Shot Misses the Net.
0:51 of 1st period - Slapshot by Shane Hnidy.
0:51 of 1st period - Shot Blocked by Kyle McLaren.
0:53 of 1st period - Slapshot by Brian Rolston.
0:53 of 1st period - Stopped by Henrik Lundqvist with a rebound.
0:55 of 1st period - Wrist shot by Rod Brind'Amour.
0:55 of 1st period - Shot Misses the Net.
1:19 of 1st period - Slapshot by Brent Seabrook.
1:19 of 1st period - Shot Misses the Net.
1:21 of 1st period - Slapshot by Kyle McLaren.
1:21 of 1st period - Stopped by Julien Ellis with a rebound.
1:34 of 1st period - Off-side.
1:35 of 1st period - Valtteri Filppula wins face-off versus Chris Drury in neutral zone.
1:54 of 1st period - Snap shot by Anson Carter.
1:54 of 1st period - Deflect By Chris Drury.
1:54 of 1st period - Shot Blocked by Matt Greene.
1:54 of 1st period - Puck is out of play.
1:55 of 1st period - Vaclav Prospal wins face-off versus Patrice Bergeron in Rangers zone.
1:56 of 1st period - Wrist shot by Jozef Stumpel.
1:56 of 1st period - Deflect By Vaclav Prospal.
1:56 of 1st period - Shot Misses the Net.
1:56 of 1st period - Puck is out of play.
1:57 of 1st period - Patrice Bergeron wins face-off versus Vaclav Prospal in Rangers zone.
2:22 of 1st period - Brian Rolston is hit by Alexandre Burrows and loses puck.
2:49 of 1st period - Wrist shot by Patrick Sharp.
2:49 of 1st period - Stopped by Julien Ellis with a rebound.
3:23 of 1st period - Bryan Berard is hit by Mike Green.
3:55 of 1st period - Wrist shot by Chris Drury.
3:55 of 1st period - Stopped by Henrik Lundqvist without a rebound.
3:56 of 1st period - Chris Drury wins face-off versus Milan Lucic in Rangers zone.
3:59 of 1st period - Snap shot by Chris Drury.
3:59 of 1st period - Stopped by Henrik Lundqvist without a rebound.
4:00 of 1st period - Chris Drury wins face-off versus Milan Lucic in Rangers zone.
4:19 of 1st period - Snap shot by Chris Drury.
4:19 of 1st period - Shot Misses the Net.
4:21 of 1st period - Wrist shot by Anson Carter.
4:21 of 1st period - Shot Misses the Net.
4:41 of 1st period - Snap shot by Chris Drury.
4:41 of 1st period - Stopped by Henrik Lundqvist without a rebound.
4:42 of 1st period - Matt Read wins face-off versus Vaclav Prospal in Rangers zone.
5:07 of 1st period - Cam Barker is hit by Rod Brind'Amour and loses puck.
5:48 of 1st period - Wrist shot by Jozef Stumpel.
5:48 of 1st period - Stopped by Henrik Lundqvist without a rebound.
5:49 of 1st period - Byron Ritchie wins face-off versus Vaclav Prospal in Rangers zone.
5:51 of 1st period - Minor Penalty to Byron Ritchie for Hooking.
5:52 of 1st period - Chris Drury wins face-off versus Milan Lucic in Rangers zone.
6:06 of 1st period - Snap shot by Patrick Sharp.
6:06 of 1st period - Stopped by Julien Ellis with a rebound.
6:08 of 1st period - Backhand shot by Kimmo Timonen.
6:08 of 1st period - Goal by Kimmo Timonen - Rangers : 1 - Wild : 0.
6:09 of 1st period - Chris Drury wins face-off versus Milan Lucic in neutral zone.
6:20 of 1st period - Wrist shot by Chris Drury.
6:20 of 1st period - Goal by Chris Drury - Rangers : 1 - Wild : 1.
6:21 of 1st period - Chris Drury wins face-off versus Patrice Bergeron in neutral zone.
6:46 of 1st period - Patrick Sharp is hit by Nathan Dempsey and loses puck.
6:53 of 1st period - Mike Green is hit by Brent Seabrook and loses puck.
7:57 of 1st period - Off-side.
7:58 of 1st period - Valtteri Filppula wins face-off versus Vaclav Prospal in neutral zone.
8:11 of 1st period - Slapshot by Jozef Stumpel.
8:11 of 1st period - Stopped by Henrik Lundqvist with a rebound.
8:25 of 1st period - R.J. Umberger is hit by Valtteri Filppula and loses puck.
8:50 of 1st period - Snap shot by Kimmo Timonen.
8:50 of 1st period - Shot Blocked by Mike Green.
8:52 of 1st period - Snap shot by Patrick Sharp.
8:52 of 1st period - Deflect By Matt Read.
8:52 of 1st period - Shot Misses the Net.
8:52 of 1st period - Puck is out of play.
8:53 of 1st period - Chris Drury wins face-off versus Patrice Bergeron in Wild zone.
9:30 of 1st period - Backhand shot by Patrice Bergeron.
9:30 of 1st period - Stopped by Julien Ellis with a rebound.
9:32 of 1st period - Snap shot by Milan Lucic.
9:32 of 1st period - Stopped by Julien Ellis with a rebound.
10:16 of 1st period - Snap shot by Milan Lucic.
10:16 of 1st period - Deflect By Drew Stafford.
10:16 of 1st period - Stopped by Julien Ellis with a rebound.
11:00 of 1st period - Wrist shot by Patrice Bergeron.
11:00 of 1st period - Stopped by Julien Ellis with a rebound.
11:12 of 1st period - Snap shot by Drew Stafford.
11:12 of 1st period - Shot Blocked by Shane Hnidy.
11:14 of 1st period - Slapshot by Kimmo Timonen.
11:14 of 1st period - Shot Misses the Net.
11:16 of 1st period - Snap shot by Kimmo Timonen.
11:16 of 1st period - Shot Misses the Net.
11:18 of 1st period - Wrist shot by Milan Lucic.
11:18 of 1st period - Stopped by Julien Ellis with a rebound.
12:24 of 1st period - Snap shot by Drew Stafford.
12:24 of 1st period - Shot Misses the Net.
12:26 of 1st period - Snap shot by Milan Lucic.
12:26 of 1st period - Shot Misses the Net.
12:28 of 1st period - Backhand shot by Cam Barker.
12:28 of 1st period - Shot Misses the Net.
12:30 of 1st period - Slapshot by Milan Lucic.
12:30 of 1st period - Shot Misses the Net.
12:32 of 1st period - Wrist shot by Milan Lucic.
12:32 of 1st period - Shot Misses the Net.
12:34 of 1st period - Wrist shot by Kimmo Timonen.
12:34 of 1st period - Stopped by Julien Ellis with a rebound.
12:36 of 1st period - Slapshot by Cam Barker.
12:36 of 1st period - Shot Blocked by Cody McLeod.
12:38 of 1st period - Wrist shot by Cam Barker.
12:38 of 1st period - Deflect By Patrice Bergeron.
12:38 of 1st period - Rangers goal is going for a video replay.
12:38 of 1st period - The goal is refused. The goalkeeper has been pushed into the net together with the puck after making a save..
12:39 of 1st period - Chris Drury wins face-off versus Byron Ritchie in Wild zone.
12:46 of 1st period - Snap shot by Alexandre Burrows.
12:46 of 1st period - Stopped by Julien Ellis with a rebound.
13:04 of 1st period - Wrist shot by Fredrik Modin.
13:04 of 1st period - Shot Blocked by Matt Greene.
13:27 of 1st period - Icing by Alexandre Burrows.
13:28 of 1st period - Patrick Sharp wins face-off versus Vaclav Prospal in Rangers zone.
13:35 of 1st period - Mike Green is hit by Bryan Berard and loses puck.
13:42 of 1st period - Patrick Sharp is hit by Alexei Kovalev and loses puck.
14:24 of 1st period - Off-side.
14:25 of 1st period - Glen Metropolit wins face-off versus Byron Ritchie in neutral zone.
14:56 of 1st period - Slapshot by Mike Green.
14:56 of 1st period - Stopped by Henrik Lundqvist with a rebound.
14:58 of 1st period - Slapshot by Nathan Dempsey.
14:58 of 1st period - Shot Blocked by Patrick Sharp.
15:00 of 1st period - Snap shot by Nathan Dempsey.
15:00 of 1st period - Shot Blocked by Brent Seabrook.
15:14 of 1st period - Minor Penalty to Nathan Dempsey for Hooking.
15:15 of 1st period - Chris Drury wins face-off versus Valtteri Filppula in Wild zone.
15:48 of 1st period - Slapshot by Brent Seabrook.
15:48 of 1st period - Shot Misses the Net.
17:14 of 1st period - Penalty to Nathan Dempsey is over, Nathan Dempsey is back on ice.
17:24 of 1st period - Slapshot by Rod Brind'Amour.
17:24 of 1st period - Goal by Rod Brind'Amour - Rangers : 1 - Wild : 2.
17:25 of 1st period - Chris Drury wins face-off versus Valtteri Filppula in neutral zone.
17:31 of 1st period - Minor Penalty to Matt Read for Slashing.
17:32 of 1st period - Chris Drury wins face-off versus Milan Lucic in Rangers zone.
17:42 of 1st period - Jozef Stumpel is hit by Patrick Sharp and loses puck.
18:30 of 1st period - Alexei Kovalev is hit by Patrick Sharp and loses puck.
18:45 of 1st period - Icing by Fedor Tyutin.
18:46 of 1st period - Milan Lucic wins face-off versus Vaclav Prospal in Wild zone.
19:31 of 1st period - Penalty to Matt Read is over, Matt Read is back on ice.
19:47 of 1st period - Snap shot by Fredrik Modin.
19:47 of 1st period - Stopped by Henrik Lundqvist without a rebound.
19:48 of 1st period - Chris Drury wins face-off versus Patrice Bergeron in Rangers zone.
19:49 of 1st period - Wrist shot by Anson Carter.
19:49 of 1st period - Shot Blocked by Mark Fistric.
19:53 of 1st period - Wrist shot by Chris Drury.
19:53 of 1st period - Stopped by Henrik Lundqvist without a rebound.
19:54 of 1st period - Chris Drury wins face-off versus Drew Stafford in Rangers zone.
Goals for this period are 1 for Rangers vs 2 for Wild.
Shots for this period are 12 for Rangers vs 11 for Wild.
2nd period
0:01 of 2nd period - Patrice Bergeron wins face-off versus Chris Drury in neutral zone.
0:03 of 2nd period - Minor Penalty to Milan Lucic for Hooking.
0:04 of 2nd period - Chris Drury wins face-off versus Byron Ritchie in Rangers zone.
0:39 of 2nd period - Patrick Sharp is hit by R.J. Umberger and loses puck.
1:48 of 2nd period - Jozef Stumpel is hit by Jaroslav Balastik and loses puck.
2:03 of 2nd period - Penalty to Milan Lucic is over, Milan Lucic is back on ice.
3:02 of 2nd period - Jaroslav Balastik is hit by Nathan Dempsey and loses puck.
3:40 of 2nd period - Mike Green is hit by Milan Lucic and loses puck.
4:39 of 2nd period - Mark Eaton is hit by Byron Ritchie and loses puck.
4:56 of 2nd period - Wrist shot by Rod Brind'Amour.
4:56 of 2nd period - Deflect By Brian Rolston.
4:56 of 2nd period - Stopped by Henrik Lundqvist without a rebound.
4:57 of 2nd period - Cody McLeod wins face-off versus Artem Anisimov in Rangers zone.
6:58 of 2nd period - Mikko Lehtonen is hit by Mike Green and loses puck.
8:16 of 2nd period - Slapshot by Chris Drury.
8:16 of 2nd period - Shot Misses the Net.
8:39 of 2nd period - Snap shot by Fredrik Modin.
8:39 of 2nd period - Stopped by Henrik Lundqvist with a rebound.
8:51 of 2nd period - Snap shot by Chris Drury.
8:51 of 2nd period - Stopped by Henrik Lundqvist without a rebound.
8:52 of 2nd period - Valtteri Filppula wins face-off versus Chris Drury in Rangers zone.
9:18 of 2nd period - Kimmo Timonen is hit by Jozef Stumpel and loses puck.
9:51 of 2nd period - Slapshot by Fredrik Modin.
9:51 of 2nd period - Shot Misses the Net.
9:55 of 2nd period - Wrist shot by Fredrik Modin.
9:55 of 2nd period - Shot Misses the Net.
10:09 of 2nd period - Wrist shot by Matt Read.
10:09 of 2nd period - Stopped by Julien Ellis without a rebound.
10:10 of 2nd period - Valtteri Filppula wins face-off versus Chris Drury in Wild zone.
10:27 of 2nd period - Valtteri Filppula is hit by R.J. Umberger and loses puck.
10:46 of 2nd period - Slapshot by Bryan Berard.
10:46 of 2nd period - Shot Misses the Net.
10:52 of 2nd period - Snap shot by Patrick Sharp.
10:52 of 2nd period - Deflect By Fedor Tyutin.
10:52 of 2nd period - Stopped by Julien Ellis without a rebound.
10:53 of 2nd period - Vaclav Prospal wins face-off versus Patrice Bergeron in Wild zone.
10:55 of 2nd period - Minor Penalty to Alexei Kovalev for Hooking.
10:56 of 2nd period - Patrice Bergeron wins face-off versus Rod Brind'Amour in Wild zone.
11:04 of 2nd period - Snap shot by Milan Lucic.
11:04 of 2nd period - Shot Hit the Post.
11:06 of 2nd period - Snap shot by Kimmo Timonen.
11:06 of 2nd period - Shot Blocked by Mark Eaton.
11:08 of 2nd period - Wrist shot by Milan Lucic.
11:08 of 2nd period - Shot Misses the Net.
11:28 of 2nd period - Slapshot by Kimmo Timonen.
11:28 of 2nd period - Stopped by Julien Ellis without a rebound.
11:29 of 2nd period - Glen Metropolit wins face-off versus Patrice Bergeron in Wild zone.
11:36 of 2nd period - Fedor Tyutin is hit by Milan Lucic and loses puck.
12:06 of 2nd period - Niclas Wallin is hit by Drew Stafford and loses puck.
12:34 of 2nd period - Icing by Matt Read.
12:35 of 2nd period - Valtteri Filppula wins face-off versus Rod Brind'Amour in Rangers zone.
12:55 of 2nd period - Penalty to Alexei Kovalev is over, Alexei Kovalev is back on ice.
14:36 of 2nd period - Cam Barker is hit by Fredrik Modin and loses puck.
14:43 of 2nd period - Mike Green is hit by Patrick Sharp.
14:49 of 2nd period - Wrist shot by Glen Metropolit.
14:49 of 2nd period - Stopped by Henrik Lundqvist with a rebound.
14:51 of 2nd period - Snap shot by Fredrik Modin.
14:51 of 2nd period - Shot Misses the Net.
15:09 of 2nd period - Snap shot by Glen Metropolit.
15:09 of 2nd period - Shot Misses the Net.
15:51 of 2nd period - Snap shot by Chris Drury.
15:51 of 2nd period - Shot Blocked by Bryan Berard.
15:53 of 2nd period - Wrist shot by R.J. Umberger.
15:53 of 2nd period - Stopped by Henrik Lundqvist with a rebound.
15:55 of 2nd period - Wrist shot by R.J. Umberger.
15:55 of 2nd period - Shot Misses the Net.
15:57 of 2nd period - Backhand shot by R.J. Umberger.
15:57 of 2nd period - Goal by R.J. Umberger - Rangers : 1 - Wild : 3.
15:58 of 2nd period - Patrice Bergeron wins face-off versus R.J. Umberger in neutral zone.
16:09 of 2nd period - Snap shot by Patrice Bergeron.
16:09 of 2nd period - Stopped by Julien Ellis without a rebound.
16:10 of 2nd period - Patrice Bergeron wins face-off versus Chris Drury in Wild zone.
16:11 of 2nd period - Slapshot by Milan Lucic.
16:11 of 2nd period - Stopped by Julien Ellis without a rebound.
16:12 of 2nd period - Patrice Bergeron wins face-off versus Chris Drury in Wild zone.
16:13 of 2nd period - Snap shot by Milan Lucic.
16:13 of 2nd period - Shot Misses the Net.
17:38 of 2nd period - Wrist shot by Alexei Kovalev.
17:38 of 2nd period - Shot Misses the Net.
17:40 of 2nd period - Slapshot by Jozef Stumpel.
17:40 of 2nd period - Shot Misses the Net.
17:42 of 2nd period - Snap shot by Jozef Stumpel.
17:42 of 2nd period - Shot Misses the Net.
17:54 of 2nd period - Valtteri Filppula is hit by Glen Metropolit and loses puck.
18:21 of 2nd period - Slapshot by Kimmo Timonen.
18:21 of 2nd period - Stopped by Julien Ellis without a rebound.
18:22 of 2nd period - R.J. Umberger wins face-off versus Byron Ritchie in Wild zone.
18:24 of 2nd period - Minor Penalty to Anson Carter for Elbowing.
18:25 of 2nd period - Patrice Bergeron wins face-off versus Rod Brind'Amour in Wild zone.
18:25 of 2nd period - Slapshot by Milan Lucic.
18:25 of 2nd period - Shot Misses the Net.
18:27 of 2nd period - Wrist shot by Milan Lucic.
18:27 of 2nd period - Shot Misses the Net.
18:29 of 2nd period - Snap shot by Cam Barker.
18:29 of 2nd period - Shot Misses the Net.
18:31 of 2nd period - Slapshot by Drew Stafford.
18:31 of 2nd period - Shot Misses the Net.
18:47 of 2nd period - Rod Brind'Amour is hit by Milan Lucic and loses puck.
19:56 of 2nd period - Patrick Sharp is hit by Niclas Wallin and loses puck.
Goals for this period are 0 for Rangers vs 1 for Wild.
Shots for this period are 6 for Rangers vs 6 for Wild.
3rd period
0:01 of 3rd period - Milan Lucic wins face-off versus Rod Brind'Amour in neutral zone.
0:09 of 3rd period - Wrist shot by Milan Lucic.
0:09 of 3rd period - Shot Misses the Net.
0:11 of 3rd period - Snap shot by Milan Lucic.
0:11 of 3rd period - Stopped by Julien Ellis without a rebound.
0:12 of 3rd period - Patrice Bergeron wins face-off versus Rod Brind'Amour in Wild zone.
0:24 of 3rd period - Penalty to Anson Carter is over, Anson Carter is back on ice.
0:43 of 3rd period - Slapshot by Alexei Kovalev.
0:43 of 3rd period - Stopped by Henrik Lundqvist without a rebound.
0:44 of 3rd period - Vaclav Prospal wins face-off versus Patrice Bergeron in Rangers zone.
1:06 of 3rd period - Snap shot by Vaclav Prospal.
1:06 of 3rd period - Shot Misses the Net.
1:08 of 3rd period - Backhand shot by Jozef Stumpel.
1:08 of 3rd period - Shot Blocked by Brent Seabrook.
1:10 of 3rd period - Wrist shot by Vaclav Prospal.
1:10 of 3rd period - Stopped by Henrik Lundqvist with a rebound.
1:12 of 3rd period - Slapshot by Mark Eaton.
1:12 of 3rd period - Deflect By Milan Lucic.
1:12 of 3rd period - Stopped by Henrik Lundqvist without a rebound.
1:13 of 3rd period - Valtteri Filppula wins face-off versus Chris Drury in Rangers zone.
1:15 of 3rd period - Minor Penalty to Valtteri Filppula for Roughing.
1:16 of 3rd period - Milan Lucic wins face-off versus Chris Drury in Rangers zone.
1:26 of 3rd period - Slapshot by Chris Drury.
1:26 of 3rd period - Shot Misses the Net.
1:28 of 3rd period - Slapshot by Nathan Dempsey.
1:28 of 3rd period - Deflect By Kimmo Timonen.
1:28 of 3rd period - Stopped by Henrik Lundqvist without a rebound.
1:29 of 3rd period - Milan Lucic wins face-off versus Jozef Stumpel in Rangers zone.
1:58 of 3rd period - Snap shot by Vaclav Prospal.
1:58 of 3rd period - Stopped by Henrik Lundqvist with a rebound.
2:22 of 3rd period - Kyle McLaren is hit by Fedor Tyutin.
3:15 of 3rd period - Penalty to Valtteri Filppula is over, Valtteri Filppula is back on ice.
3:31 of 3rd period - Minor Penalty to Mikko Lehtonen for Hooking.
3:32 of 3rd period - Vaclav Prospal wins face-off versus Milan Lucic in Rangers zone.
3:44 of 3rd period - Snap shot by Vaclav Prospal.
3:44 of 3rd period - Stopped by Henrik Lundqvist with a rebound.
3:46 of 3rd period - Backhand shot by Mike Green.
3:46 of 3rd period - Stopped by Henrik Lundqvist without a rebound.
3:47 of 3rd period - Chris Drury wins face-off versus Milan Lucic in Rangers zone.
3:48 of 3rd period - Slapshot by Jozef Stumpel.
3:48 of 3rd period - Shot Misses the Net.
3:50 of 3rd period - Snap shot by Alexei Kovalev.
3:50 of 3rd period - Shot Misses the Net.
3:54 of 3rd period - Snap shot by Chris Drury.
3:54 of 3rd period - Shot Misses the Net.
3:56 of 3rd period - Snap shot by Chris Drury.
3:56 of 3rd period - Shot Blocked by Patrick Sharp.
3:58 of 3rd period - Slapshot by Mike Green.
3:58 of 3rd period - Deflect By Jozef Stumpel.
3:58 of 3rd period - Deflect By Patrick Sharp.
3:58 of 3rd period - Shot Blocked by Patrick Sharp.
3:58 of 3rd period - Puck is out of play.
3:59 of 3rd period - Jozef Stumpel wins face-off versus Milan Lucic in Rangers zone.
4:35 of 3rd period - Off-side.
4:36 of 3rd period - Patrice Bergeron wins face-off versus Vaclav Prospal in neutral zone.
4:45 of 3rd period - Slapshot by Drew Stafford.
4:45 of 3rd period - Shot Misses the Net.
5:09 of 3rd period - Alexei Kovalev is hit by Milan Lucic and loses puck.
5:31 of 3rd period - Penalty to Mikko Lehtonen is over, Mikko Lehtonen is back on ice.
5:40 of 3rd period - Slapshot by Alexandre Burrows.
5:40 of 3rd period - Shot Misses the Net.
5:42 of 3rd period - Wrist shot by Mikko Lehtonen.
5:42 of 3rd period - Goal by Mikko Lehtonen - Rangers : 2 - Wild : 3.
5:43 of 3rd period - Chris Drury wins face-off versus Patrice Bergeron in neutral zone.
6:00 of 3rd period - Cam Barker is hit by R.J. Umberger and loses puck.
6:11 of 3rd period - Slapshot by Kimmo Timonen.
6:11 of 3rd period - Deflect By Vaclav Prospal.
6:11 of 3rd period - Stopped by Julien Ellis with a rebound.
7:00 of 3rd period - Slapshot by Milan Lucic.
7:00 of 3rd period - Stopped by Julien Ellis with a rebound.
7:15 of 3rd period - Minor Penalty to Patrick Sharp for Hooking.
7:16 of 3rd period - Chris Drury wins face-off versus Milan Lucic in Rangers zone.
7:28 of 3rd period - Wrist shot by Jozef Stumpel.
7:28 of 3rd period - Goal by Jozef Stumpel - Rangers : 2 - Wild : 4.
7:29 of 3rd period - Patrice Bergeron wins face-off versus Chris Drury in neutral zone.
7:36 of 3rd period - Snap shot by Patrice Bergeron.
7:36 of 3rd period - Stopped by Julien Ellis with a rebound.
7:38 of 3rd period - Snap shot by Patrice Bergeron.
7:38 of 3rd period - Shot Blocked by R.J. Umberger.
8:17 of 3rd period - Slapshot by Brent Seabrook.
8:17 of 3rd period - Shot Misses the Net.
8:44 of 3rd period - Snap shot by Glen Metropolit.
8:44 of 3rd period - Shot Blocked by Drew Stafford.
8:46 of 3rd period - Slapshot by Fredrik Modin.
8:46 of 3rd period - Stopped by Henrik Lundqvist without a rebound.
8:47 of 3rd period - Chris Drury wins face-off versus Patrice Bergeron in Rangers zone.
8:58 of 3rd period - Slapshot by Anson Carter.
8:58 of 3rd period - Shot Blocked by Patrice Bergeron.
9:42 of 3rd period - Mikko Lehtonen is hit by Cody McLeod and loses puck.
10:20 of 3rd period - Snap shot by Patrick Sharp.
10:20 of 3rd period - Shot Blocked by Fredrik Modin.
10:34 of 3rd period - Cam Barker is hit by Fredrik Modin and loses puck.
11:03 of 3rd period - Alexandre Burrows is hit by Nathan Dempsey.
12:07 of 3rd period - Slapshot by Mike Green.
12:07 of 3rd period - Stopped by Henrik Lundqvist without a rebound.
12:08 of 3rd period - Jaroslav Balastik wins face-off versus Rod Brind'Amour in Rangers zone.
13:10 of 3rd period - Minor Penalty to Cody McLeod for Hooking.
13:11 of 3rd period - Rod Brind'Amour wins face-off versus Patrice Bergeron in Wild zone.
13:11 of 3rd period - Rod Brind'Amour is hit by Milan Lucic.
13:36 of 3rd period - Brian Rolston is hit by Valtteri Filppula and loses puck.
14:10 of 3rd period - Glen Metropolit is hit by Drew Stafford and loses puck.
15:06 of 3rd period - Kyle McLaren is hit by Brian Rolston.
15:07 of 3rd period - Icing by Kyle McLaren.
15:08 of 3rd period - Patrice Bergeron wins face-off versus Rod Brind'Amour in Rangers zone.
15:10 of 3rd period - Penalty to Cody McLeod is over, Cody McLeod is back on ice.
15:19 of 3rd period - Slapshot by Fedor Tyutin.
15:19 of 3rd period - Deflect By R.J. Umberger.
15:19 of 3rd period - Stopped by Henrik Lundqvist with a rebound.
15:21 of 3rd period - Snap shot by R.J. Umberger.
15:21 of 3rd period - Stopped by Henrik Lundqvist without a rebound.
15:22 of 3rd period - Chris Drury wins face-off versus Byron Ritchie in Rangers zone.
15:27 of 3rd period - Snap shot by R.J. Umberger.
15:27 of 3rd period - Goal by R.J. Umberger - Rangers : 2 - Wild : 5.
15:28 of 3rd period - Chris Drury wins face-off versus Patrice Bergeron in neutral zone.
16:20 of 3rd period - Kyle McLaren is hit by Brian Rolston and loses puck.
16:39 of 3rd period - Wrist shot by Milan Lucic.
16:39 of 3rd period - Stopped by Julien Ellis without a rebound.
16:40 of 3rd period - Artem Anisimov wins face-off versus Chris Drury in Wild zone.
16:51 of 3rd period - Wrist shot by R.J. Umberger.
16:51 of 3rd period - Shot Blocked by Brent Seabrook.
16:53 of 3rd period - Slapshot by Nathan Dempsey.
16:53 of 3rd period - Stopped by Henrik Lundqvist with a rebound.
17:26 of 3rd period - Snap shot by Brent Seabrook.
17:26 of 3rd period - Shot Blocked by Shane Hnidy.
17:44 of 3rd period - Milan Lucic is hit by Anson Carter and loses puck.
18:05 of 3rd period - Slapshot by Jozef Stumpel.
18:05 of 3rd period - Stopped by Henrik Lundqvist without a rebound.
18:06 of 3rd period - Vaclav Prospal wins face-off versus Valtteri Filppula in Rangers zone.
18:06 of 3rd period - Vaclav Prospal is hit by Kimmo Timonen.
18:20 of 3rd period - Slapshot by Kimmo Timonen.
18:20 of 3rd period - Shot Misses the Net.
18:54 of 3rd period - Wrist shot by Alexandre Burrows.
18:54 of 3rd period - Stopped by Julien Ellis without a rebound.
18:55 of 3rd period - Byron Ritchie wins face-off versus Rod Brind'Amour in Wild zone.
18:58 of 3rd period - Slapshot by Byron Ritchie.
18:58 of 3rd period - Shot Blocked by Mike Green.
19:20 of 3rd period - Byron Ritchie is hit by Cody McLeod.
19:49 of 3rd period - Wrist shot by Mike Green.
19:49 of 3rd period - Stopped by Henrik Lundqvist with a rebound.
19:51 of 3rd period - Slapshot by Mike Green.
19:51 of 3rd period - Shot Misses the Net.
Goals for this period are 1 for Rangers vs 2 for Wild.
Shots for this period are 7 for Rangers vs 16 for Wild.
Output by the SimonT Hockey Simulator (STHS) for François Prévost -- Original Page W3C XHTML 1.0 Valid